 Dungeon Crawl Stone Soup version 0.19.1-1-g22dce08 (webtiles) character file.

94 Kjetter the Sneak (level 4, -2/27 HPs)
             Began as a Kobold Assassin on Jan 18, 2017.
             Slain by an orc priest
             ... wielding a +0 flail
              (7 damage)
             ... on level 2 of the Dungeon.
             The game lasted 00:09:14 (2195 turns).

Kjetter the Sneak (Kobold Assassin)                 Turns: 2195, Time: 00:09:15

Health: -2/27      AC:  3    Str:  8    XL:     4   Next: 94%
Magic:  4/4        EV: 15    Int: 12    God:
Gold:   91         SH:  0    Dex: 17    Spells: 0 memorised, 3 levels left

rFire  . . .     SeeInvis .     v - +2 dagger (venom)
rCold  + . .     Gourm    .     c - +0 robe
rNeg   . . .     Faith    .     (shield restricted)
rPois  .         Spirit   .     (no helmet)
rElec  .         Reflect  .     d - +0 cloak
rCorr  .         Harm     .     (no gloves)
MR     .....                    (no boots)
Stlth  ++++......               (no amulet)
                                (no ring)
                                h - ring of protection from cold

@: no status effects
A: carnivore 3
a: no special abilities


You were on level 2 of the Dungeon.
You were full.

You visited 1 branch of the dungeon, and saw 3 of its levels.

You collected 91 gold pieces.

Inventory:

Hand Weapons
 a - a +2 dagger
 b - a +0 blowgun
 v - a +2 dagger of venom (weapon)
Missiles
 e - 7 poisoned needles
 f - 2 curare-tipped needles
 k - 5 stones (quivered)
Armour
 c - a +0 robe (worn)
 d - a +0 cloak (worn)
Jewellery
 h - a ring of protection from cold (left hand)
Scrolls
 i - 2 scrolls of remove curse {unknown}
 j - 3 scrolls of enchant armour {unknown}
 l - 2 scrolls of fog {unknown}
 m - a scroll of amnesia {unknown}
 n - a scroll of magic mapping {unknown}
 o - 4 scrolls of identify {unknown}
 s - a scroll of teleportation {unknown}
Potions
 q - a potion of heal wounds {unknown}
 r - 2 potions of degeneration {unknown}
 t - a potion of lignification {unknown}
 u - a potion of might {unknown}
Comestibles
 g - 2 meat rations
 p - a slice of pizza


   Skills:
 + Level 2.5 Fighting
 + Level 3.6 Short Blades
 + Level 2.4 Throwing
 + Level 2.0 Dodging
 + Level 7.0 Stealth


You had 3 spell levels left.
You didn't know any spells.

Dungeon Overview and Level Annotations

Branches:
Dungeon (3/15)

Altars:


Innate Abilities, Weirdness & Mutations

You are small and have problems with some larger weapons.
You are carnivorous and can eat meat at any time.


Message History

You kill the orc!
The orc priest shouts! x2
Things that are here:
a dagger of venom; an orc corpse
v - a dagger of venom The orc priest mumbles some strange prayers to Beogh against you.
Beogh smites you!
Ouch! That really hurt!
The orc priest looks encouraged for a moment.
The orc priest looks satisfied for a moment.
There is a stone staircase leading up here.
The orc priest mumbles some strange prayers to Beogh against you.
Pain shoots through your body!
* * * LOW HITPOINT WARNING * * *
You climb upwards.
There is a stone staircase leading down here.
Your +2 dagger of venom begins to drip with poison!
v - a +2 dagger of venom (weapon)
The orc priest hits you with a flail!
You die...

####.### ###.### #......#
#......# #.######......# #.##.#.#
#......#.###### #.##.#.###
#........# #.##.....# #.####...#
#.####.#.# #........# #.####.#.#
#.#.##..## ##
######......#.###.#.##..# ######.
......#######...@.......# #......
.####.#### ####o..###.## #..###.
.........# #...###.# #..###.
.#..#..#.# #.......# #รท.#...
.#..#..#.# #...##### #..#.#.
.......#.# #...########......
.#.##..#.# #...##............
.......#)#######........###......
##.....>..................#..#w##


You could see an orc priest.

Vanquished Creatures
  2 adders (D:2)
  2 worms (D:2)
  A dart slug (D:2)
  3 leopard geckos
  2 orcs (D:3)
  2 giant cockroaches
  8 hobgoblins
  8 jackals
  5 kobolds
  2 quokkas (D:2)
  7 bats
  A frilled lizard (D:2)
  8 goblins
  5 rats
56 creatures vanquished.

Notes
Turn   | Place    | Note
-------+----------+-------------------------------------------
     0 | D:1      | Kjetter the Kobold Assassin began the quest for the Orb.
     0 | D:1      | Reached XP level 1. HP: 12/12 MP: 1/1
   174 | D:1      | Reached XP level 2. HP: 11/17 MP: 2/2
   185 | D:1      | Reached skill level 6 in Stealth
   750 | D:1      | Reached XP level 3. HP: 21/21 MP: 3/3
  1361 | D:2      | Reached XP level 4. HP: 22/27 MP: 4/4
  2107 | D:2      | Reached skill level 7 in Stealth
  2195 | D:2      | Slain by an orc priest

Skill      XL: |  1  2  3  4 |
---------------+-------------+-----
Stealth        | 6 7 |  7.0
Short Blades   | 3 |  3.6
Dodging        | 2 |  2.0
Fighting       | |  2.5
Throwing       | |  2.4

Action                   |  1- 3 |  4- 6 || total
-------------------------+-------+-------++-------
Melee: Dagger            |   109 |    91 ||   200
 Fire: Blowgun           |       |     9 ||     9
Throw: Stone             |     2 |     8 ||    10
 Stab: Sleeping          |    10 |     8 ||    18
  Eat: Chunk             |     8 |     2 ||    10
Armor: Robe              |    14 |    12 ||    26
Dodge: Dodged            |    65 |    55 ||   120
